Map: Orbital Shipyard

Players

wallfacer (ZhuGeLiang)

  • Race: Zerg Zerg
  • League: Master

ShoWTimE - Winner!

  • Race: Protoss Protoss
  • League: Master

Event: NationWars III

VOD

Have the link to the VOD?

Description

Time

  • Played on: Dec. 13, 2015, 1:46 p.m.
  • Length: 12:02
Show
View Real Time Build Order
Export as new Build Order

wallfacer Zerg 

Build Orders: Hatch First 

Get SALT Encoding   

  12  0:01  Drone  
  13  0:12  Overlord  
  13  0:17  Drone  
  14  0:31  Drone x2  
  14  0:35  Drone  
  17  0:51  Hatchery  
  17  0:55  Drone  
  17  1:07  Spawning Pool  
  16  1:11  Drone  
  16  1:14  Drone  
  16  1:17  Extractor  
  17  1:20  Drone  
  18  1:28  Drone  
  19  1:38  Overlord  
  19  1:50  Drone  
  19  1:54  Queen  
  20  2:00  Drone  
  23  2:02  Queen  
  23  2:03  Drone  
  26  2:11  Zergling x2  
  26  2:15  Drone  
  28  2:18  Metabolic Boost  
  28  2:23  Zergling x2  
  28  2:26  Drone  
  30  2:39  Hatchery  
  30  2:40  Overlord  
  29  2:45  Drone x2  
  29  2:47  Drone  
  32  2:54  Drone  
  33  3:00  Drone  
  33  3:05  Drone  
  35  3:09  Drone  
  35  3:11  Overlord  
  36  3:13  Drone x5  
  41  3:23  Drone x2  
  41  3:41  Spore Crawler  
  41  3:42  Drone x3  
  41  3:43  Drone  
  41  3:44  Spore Crawler  
  41  3:48  Overlord  
  45  3:52  Extractor  
  45  3:54  Roach Warren  
  45  3:55  Lair, Queen  
  45  3:56  Queen  
  45  3:57  Drone x3  
  45  4:00  Drone x2  
  52  4:03  Spore Crawler  
  52  4:05  Spore Crawler  
  52  4:08  Drone  
  52  4:09  Drone  
  51  4:23  Drone x8  
  59  4:29  Overlord  
  59  4:33  Overlord  
  61  4:38  Roach x2  
  61  4:39  Roach  
  61  4:45  Overlord  
  65  4:48  Drone  
  65  4:49  Drone x2  
  65  4:52  Overlord  
  68  4:53  Drone x5  
  68  4:54  Overseer  
  68  4:58  Roach  
  75  5:02  Evolution Chamber  
  75  5:04  Extractor  
  75  5:05  Extractor  
  75  5:06  Drone x3, Extractor x2  
  73  5:12  Drone  
  74  5:15  Spire  
  74  5:19  Drone  
  74  5:20  Drone x4  
  78  5:25  Queen  
  78  5:26  Queen  
  78  5:27  Queen  
  84  5:31  Spore Crawler  
  84  5:33  Spore Crawler  
  82  5:36  Infestation Pit  
  82  5:39  Evolution Chamber  
  80  5:44  Spore Crawler  
  80  5:48  Spore Crawler, Drone x3  
  81  6:02  Overlord x6  
  78  6:13  Zerg Ground Armor Level 1, Zerg Melee Weapons Level 1  
  78  6:16  Overlord x2  
  78  6:17  Overlord  
  77  6:25  Drone x2  
  77  6:32  Drone x6  
  83  6:34  Drone x3  
  83  6:39  Pathogen Glands  
  85  6:53  Drone x2  
  85  6:55  Drone x3  
  85  6:57  Queen  
  90  7:02  Corruptor x4  
  90  7:04  Zergling x2  
  90  7:05  Zergling x12  
  106  7:08  Drone  
  106  7:31  Zergling x12  
  106  7:32  Hatchery, Zergling x14  
  118  7:37  Hive  
  118  7:48  Drone  
  118  7:49  Drone x2  
  116  8:10  Zerg Ground Armor Level 2, Zerg Melee Weapons Level 2  
  116  8:11  Glial Reconstitution  
  116  8:17  Overlord x5  
  115  8:33  Roach x10  
  132  8:39  Overlord  
  132  8:52  Adrenal Glands  
  132  8:54  Ultralisk Cavern  
  132  8:55  Ravager x7  
  131  9:12  Zergling x2  
  131  9:13  Zergling x30  
  127  9:18  Zergling x6  
  129  9:40  Chitinous Plating  
  129  9:41  Ultralisk, Hatchery  
  129  9:42  Ultralisk x2  
  129  9:43  Zergling x2  
  129  9:44  Zergling x6  
  150  9:54  Ultralisk  
  150  9:58  Zergling x2  
  150  9:59  Zergling x20  
  166  10:00  Hatchery  
  166  10:06  Zergling x2  
  146  10:12  Zergling x4  
  130  10:21  Ultralisk  
  130  10:23  Zergling x2  
  130  10:24  Zergling x8  
  120  10:29  Zergling x2  
  117  10:35  Zergling x2  
  117  10:36  Zergling x2  
  106  10:43  Zergling x4  
  106  10:48  Ultralisk x2  
  119  10:55  Zergling x2  
  120  11:02  Zergling x8  
  117  11:13  Zergling x6  
  112  11:19  Zergling x10  
  112  11:21  Queen  
  112  11:23  Queen  
  131  11:34  Zergling x8  
Show
View Real Time Build Order
Export as new Build Order

ShoWTimE Protoss - Winner!

Build Orders: Nexus First 

Get SALT Encoding   

  12  0:00  Probe (Chrono Boost)  
  13  0:11  Probe (Chrono Boost)  
  14  0:18  Pylon  
  14  0:22  Probe (Chrono Boost)  
  15  0:36  Probe (Chrono Boost)  
  16  0:46  Probe (Chrono Boost)  
  17  1:00  Nexus  
  17  1:11  Gateway  
  17  1:14  Probe (Chrono Boost)  
  18  1:21  Assimilator  
  18  1:24  Probe (Chrono Boost)  
  19  1:28  Assimilator  
  19  1:35  Probe (Chrono Boost)  
  20  1:45  Probe (Chrono Boost)  
  20  1:46  Gateway  
  21  1:56  Probe (Chrono Boost)  
  21  1:58  Cybernetics Core  
  22  2:06  Probe (Chrono Boost)  
  23  2:13  Probe (Chrono Boost)  
  24  2:17  Probe (Chrono Boost)  
  25  2:23  Probe (Chrono Boost)  
  25  2:27  Probe (Chrono Boost)  
  27  2:33  Probe (Chrono Boost)  
  27  2:34  Adept (Chrono Boost), Warp Gate  
  27  2:35  Stalker (Chrono Boost)  
  32  2:40  Probe  
  33  2:44  Pylon  
  33  2:47  Probe (Chrono Boost)  
  34  2:52  Mothership Core (Chrono Boost)  
  36  2:59  Probe (Chrono Boost)  
  37  3:09  Probe (Chrono Boost)  
  37  3:11  Probe (Chrono Boost)  
  39  3:16  Pylon  
  39  3:20  Probe (Chrono Boost)  
  39  3:21  Adept x2  
  39  3:22  Probe (Chrono Boost)  
  45  3:30  Probe (Chrono Boost)  
  46  3:34  Probe (Chrono Boost)  
  46  3:41  Probe (Chrono Boost)  
  48  3:45  Probe (Chrono Boost)  
  48  3:47  Stargate  
  47  3:50  Stargate  
  47  3:52  Probe (Chrono Boost)  
  47  3:55  Probe (Chrono Boost), Pylon  
  49  3:59  Assimilator  
  49  4:00  Assimilator  
  50  4:03  Probe (Chrono Boost)  
  50  4:06  Probe (Chrono Boost)  
  50  4:09  Forge  
  51  4:10  Pylon  
  51  4:13  Probe (Chrono Boost)  
  51  4:16  Probe (Chrono Boost)  
  53  4:24  Probe (Chrono Boost)  
  54  4:27  Probe (Chrono Boost)  
  55  4:33  Nexus  
  55  4:34  Probe (Chrono Boost), Pylon  
  55  4:37  Phoenix (Chrono Boost)  
  58  4:39  Phoenix (Chrono Boost)  
  58  4:42  Probe  
  58  4:44  Protoss Ground Weapons Level 1 (Chrono Boost)  
  61  4:46  Probe  
  62  4:54  Probe  
  62  4:59  Phoenix (Chrono Boost)  
  65  5:01  Probe, Phoenix (Chrono Boost)  
  65  5:03  Pylon  
  65  5:06  Probe  
  69  5:13  Robotics Facility  
  69  5:16  Probe  
  69  5:18  Probe  
  73  5:21  Phoenix (Chrono Boost)  
  73  5:23  Phoenix (Chrono Boost)  
  75  5:28  Probe  
  75  5:30  Probe  
  77  5:36  Pylon  
  77  5:41  Probe  
  77  5:42  Probe  
  79  5:43  Phoenix (Chrono Boost)  
  79  5:44  Phoenix (Chrono Boost)  
  79  5:48  Probe, Assimilator  
  79  5:49  Assimilator  
  84  5:53  Probe  
  84  5:54  Probe  
  84  5:56  Photon Cannon  
  86  6:02  Probe  
  86  6:05  Probe  
  86  6:09  Robotics Bay  
  88  6:11  Probe  
  88  6:13  Robotics Facility  
  88  6:16  Gateway  
  88  6:18  Gateway, Pylon, Probe  
  89  6:19  Probe  
  91  6:29  Twilight Council, Observer  
  91  6:32  Probe  
  93  6:33  Pylon  
  93  6:41  Gateway  
  93  6:42  Gateway x2  
  93  6:46  Pylon  
  93  6:53  Protoss Ground Weapons Level 2 (Chrono Boost)  
  93  6:57  Sentry x2, Disruptor  
  93  6:59  Pylon  
  100  7:01  Pylon  
  100  7:03  Pylon  
  100  7:05  Gateway  
  100  7:06  Blink (Chrono Boost)  
  100  7:19  Pylon  
  100  7:21  Stalker  
  100  7:22  Stalker x3  
  108  7:30  Disruptor  
  108  7:35  Pylon  
  111  7:40  Stalker x3  
  117  7:49  Adept x4  
  125  8:01  Warp Prism  
  127  8:13  Adept x2  
  127  8:14  Adept x5  
  141  8:32  Probe x2  
  141  8:37  Nexus  
  141  8:39  Pylon  
  141  8:41  Stalker x2, Disruptor  
  143  8:42  Stalker x5  
  158  8:55  Probe  
  159  8:57  Adept, Pylon  
  159  8:58  Pylon  
  159  9:02  Protoss Ground Weapons Level 3  
  158  9:16  Probe  
  159  9:19  Stalker x3  
  159  9:20  Stalker x4  
  159  9:21  Stalker  
  175  9:25  Charge (Chrono Boost)  
  175  9:31  Disruptor  
  175  9:32  Probe  
  175  9:35  Pylon  
  179  9:42  Pylon  
  179  9:54  Adept x6  
  179  9:55  Adept x2  
  195  10:09  Observer  
  193  10:14  Stalker x3  
  193  10:16  Probe  
  193  10:19  Adept  
  200  10:27  Photon Cannon  
  200  10:28  Immortal  
  173  10:30  Photon Cannon  
  173  10:35  Robotics Facility  
  163  10:42  Stalker x2  
  159  10:43  Stalker x5  
  169  10:52  Robotics Facility  
  169  11:02  Immortal  
  167  11:08  Stalker  
  167  11:09  Stalker x2  
  173  11:20  Stalker x2  
  173  11:21  Stalker  
  173  11:22  Probe x2  
  181  11:25  Assimilator  
  181  11:27  Assimilator  
  151  11:56  Adept  
  151  11:57  Adept x7  
Tags
 
Add a new tag
Caveats
  • Supply blocks, unpowered buildings, or Contaminate may cause inaccurate times.
  • Supply counts are checked every 10 seconds.